 Dungeon Crawl Stone Soup version 0.24.0-13-gcf9b319 (webtiles) character file.

Game seed: 1463654144627387182, levelgen mode: deterministic

88 Bronimir the Chiller (level 4, -3/34 HPs)
             Began as a Draconian Ice Elementalist on Mar 2, 2020.
             Slain by a phantom (6 damage)
             ... on level 2 of the Dungeon.
             The game lasted 00:06:05 (1654 turns).

Bronimir the Chiller (Draconian Ice Elementalist)   Turns: 1654, Time: 00:06:06

Health: -3/34      AC:  5    Str: 11    XL:     4   Next: 30%
Magic:  2/7        EV: 12    Int: 16    God:
Gold:   15         SH:  0    Dex: 11    Spells: 1/7 levels left

rFire    . . .     SeeInvis .   a - +0 hand axe
rCold    . . .     Gourm    .   (no shield)
rNeg     . . .     Faith    .   (armour unavailable)
rPois    .         Spirit   .   (helmet restricted)
rElec    .         Reflect  .   (no cloak)
rCorr    .         Harm     .   (no gloves)
MR       .....                  (no boots)
Stlth    ++........             (no amulet)
HPRegen  0.11/turn              (no ring)
MPRegen  0.10/turn              (no ring)

@: no status effects
A: unfitting armour, cold-blooded, AC +5
a: no special abilities


You were on level 2 of the Dungeon.
You were very hungry.

You visited 1 branch of the dungeon, and saw 3 of its levels.

You collected 15 gold pieces.

Inventory:

Hand Weapons
 a - a +0 hand axe (weapon)
 b - a +0 hunting sling
 c - a +0 dagger
 j - a +0 club
Missiles
 e - 5 sling bullets
 f - 49 stones (quivered)
Scrolls
 i - a scroll of identify {unknown}
Potions
 d - a potion of magic {unknown}
 g - 2 potions of heal wounds
Comestibles
 h - a ration


   Skills:
 + Level 0.4 Fighting
 + Level 0.3 Short Blades
 + Level 1.5 Slings
 + Level 2.2 Dodging
 - Level 1.8 Stealth
 + Level 1.8 Unarmed Combat
 + Level 2.2 Spellcasting
 + Level 1.0 Conjurations
 * Level 3.4 Ice Magic


You had one spell level left.
You knew the following spells:

 Your Spells              Type           Power        Failure   Level  Hunger
a - Freeze                Ice            ##..         4%          1    #......
b - Throw Frost           Conj/Ice       #.....       12%         2    ###....
c - Ozocubu's Armour      Chrm/Ice       #.......     30%         3    ###....

Your spell library contained the following spells:

 Spells                   Type           Power        Failure   Level  Hunger
 Throw Icicle             Conj/Ice       #.......     63%         4    #####..
 Summon Ice Beast         Ice/Summ       #.......     69%         4    #####..


Dungeon Overview and Level Annotations

Branches:
Dungeon (3/15)

Altars:
Nemelex Xobeh


Innate Abilities, Weirdness & Mutations

Your plain brown scales are hard. (AC +5)
You cannot fit into any form of body armour.
You are cold-blooded and may be slowed by cold attacks.


Message History

The phantom is heavily damaged.
The phantom completely misses you.
You closely miss the phantom.
The phantom is heavily damaged.
The phantom closely misses you. The phantom barely misses you.
You hit the phantom.
The phantom is heavily damaged.
The phantom blinks!
You miss the phantom.
Your tail-slap misses the phantom.
The phantom is heavily damaged.
The phantom hits you.
* * * LOW HITPOINT WARNING * * *
You hit the phantom but do no damage.
Your tail-slap misses the phantom.
The phantom is heavily damaged.
The phantom hits you.
* * * LOW HITPOINT WARNING * * *
You hit the phantom but do no damage.
The phantom is heavily damaged.
The phantom barely misses you. The phantom hits you.
You die...

#########.#..#..##.......#.###.
#.............(.....).)........
#.####...........##.....##.###.
#.##.............##.#.#.##.# #.
#.####.##.##.#...)......##.# #.
##.####.##.##.#........#.##.# #.
#.............#...####.#.##.###.
##.####........(................
#.# #........@W.......(.......
#.# #..#.###...........##.....
#.####..#......(...##..........
#...##..#..##..#.#.##...##..#..
#.#.##..#..##...((..(.###...#..
##.#.##........##.#...####...#..
#........#.....##............#..
####.###.#.........##.#####..##.
#.# #.##.##.##.......###.....


You could see a phantom.

Vanquished Creatures
  Terence (D:2)
  An adder (D:2)
  2 oozes (D:2)
  4 worms (D:2)
  A dart slug (D:2)
  A leopard gecko (D:2)
  An orc (D:2)
  2 bats (D:2)
  5 giant cockroaches
  3 goblins (D:2)
  A hobgoblin (D:2)
  3 jackals (D:2)
  2 frilled lizards (D:2)
  3 kobolds (D:2)
  2 rats (D:2)
32 creatures vanquished.

Notes
Turn   | Place    | Note
-------+----------+-------------------------------------------
     0 | D:1      | Bronimir the Draconian Ice Elementalist began the quest for
                  | the Orb.
     0 | D:1      | Reached XP level 1. HP: 14/14 MP: 3/3
    46 | D:1      | You fall into a shaft and drop 1 floor!
   300 | D:2      | Reached XP level 2. HP: 9/20 MP: 0/5
   489 | D:2      | Learned a level 2 spell: Throw Frost
   699 | D:2      | Reached skill level 1 in Unarmed Combat
   752 | D:2      | Reached XP level 3. HP: 24/26 MP: 6/6
   761 | D:2      | Found a sparkling altar of Nemelex Xobeh.
   836 | D:2      | Learned a level 3 spell: Ozocubu's Armour
  1299 | D:2      | Reached skill level 1 in Slings
  1539 | D:2      | Noticed Terence
  1545 | D:2      | Killed Terence
  1545 | D:2      | Reached XP level 4. HP: 30/33 MP: 2/7
  1597 | D:3      | Noticed a phantom
  1654 | D:2      | Slain by a phantom

Levels and vault maps discovered:
D:1:      minmay_arrival_widening_spiral_narrow, layout_basic,
          minmay_misc_feat_rows, ebering_dispersal_statue_hall
D:2:      layout_basic, nemelex_dance_club_becter, uniq_terence
D:3:      layout_rooms, grunt_dithmenos_smoke, lemuel_crystal_altar,
          nicolae_overflow_hidden_temple

Skill      XL: |  1  2  3 |
---------------+----------+-----
Dodging        | 2 |  2.2
Unarmed Combat | 1 |  1.8
Slings         | 1 |  1.5
Fighting       | |  0.4
Short Blades   | |  0.3
Stealth        | |  1.8
Spellcasting   | |  2.2
Conjurations   | |  1.0
Ice Magic      | |  3.4

Action                   |  1- 3 |  4- 6 || total
-------------------------+-------+-------++-------
Melee: Unarmed           |    49 |       ||    49
       Dagger            |    20 |       ||    20
       Tailslap          |     3 |     4 ||     7
       Hand axe          |       |    15 ||    15
 Fire: Hunting sling     |    68 |    16 ||    84
 Cast: Freeze            |    14 |     7 ||    21
       Ozocubu's Armour  |     1 |       ||     1
  Use: Potion            |       |     1 ||     1
  Eat: Chunk             |     2 |       ||     2
Armor: Skin              |    42 |     7 ||    49
Dodge: Dodged            |    91 |    17 ||   108
